 Dungeon Crawl Stone Soup version 0.21-a0-193-g085b6a0 (webtiles) character file.

87033 Jeffwins the Destroyer (level 15, -8/124 HPs)
             Began as a Pale Draconian Fire Elementalist on Aug 15, 2017.
             Was the Champion of Vehumet.
             Killed from afar by a frost giant (49 damage)
             ... with a bolt of cold
             ... in an ice cave.
             The game lasted 01:51:04 (29394 turns).

Jeffwins the Destroyer (DrFE)                      Turns: 29394, Time: 01:51:04

Health: -8/124     AC: 15    Str: 12    XL:     15   Next: 42%
Magic:  32/45      EV: 14    Int: 25    God:    Vehumet [******]
Gold:   1396       SH:  5    Dex: 11    Spells: 6/31 levels left

rFire    + . .     SeeInvis +   F - +8 scimitar of Saakhuni {holy, Int+4}
rCold    . . .     Gourm    .   n - +0 buckler
rNeg     . . .     Faith    .   (armour unavailable)
rPois    .         Spirit   .   g - +2 hat {SInv}
rElec    .         Reflect  .   S - +1 cloak {rF+}
rCorr    .         Harm     .   (no gloves)
MR       +....                  C - +1 pair of boots {Stlth+}
Stlth    +++.......             (no amulet)
HPRegen  0.30/turn              d - ring of magical power
MPRegen  0.29/turn              j - ring of magical power

@: no status effects
A: breathe steam, unfitting armour, cold-blooded, AC +9
a: Breathe Steam, Renounce Religion


You were in an ice cave.
You worshipped Vehumet.
Vehumet was exalted by your worship.
You were hungry.

You visited 4 branches of the dungeon, and saw 23 of its levels.
You also visited: Labyrinth, Ossuary, Ice Cave and Volcano.

You collected 2014 gold pieces.
You spent 618 gold pieces at shops.

Inventory:

Hand Weapons
 F - the +8 scimitar of Saakhuni (weapon) {holy, Int+4}
   (You found it on level 7 of the Dungeon)

   It has been blessed by the Shining One to cause great damage to the undead
   and demons.
   It affects your intelligence (+4).
Armour
 g - a +2 hat of see invisible (worn)
 n - a +0 buckler (worn)
 C - a +1 pair of boots of stealth (worn)
 N - a +1 shield of protection
 S - a +1 cloak of fire resistance (worn)
Jewellery
 d - a ring of magical power (left hand)
 j - a ring of magical power (right hand)
 u - an uncursed ring of ice
Wands
 a - a wand of polymorph (8/24)
 e - a wand of random effects (18/48)
 h - a wand of iceblast (8/15)
 p - a wand of polymorph (14/24)
 r - a wand of paralysis (17/24)
 t - a wand of flame (24/48)
 v - a wand of paralysis (3/24)
Scrolls
 b - a scroll of fear
 c - 5 scrolls of blinking
 f - 11 scrolls of identify
 m - 8 scrolls of remove curse
 o - a scroll of summoning
 q - 4 scrolls of fog
 w - 5 scrolls of teleportation
 A - 3 scrolls of holy word
Potions
 i - 15 potions of curing
 s - 2 potions of magic
 B - a potion of invisibility
 H - 2 potions of brilliance
 I - 4 potions of might
 K - a potion of agility
 M - a potion of cancellation
 Z - a potion of haste
Miscellaneous
 G - a lightning rod (4/4)
Comestibles
 k - 8 meat rations
 l - 11 chunks of flesh


   Skills:
 + Level 9.1 Fighting
 * Level 10.0 Long Blades
 + Level 5.2 Dodging
 - Level 4.3 Stealth
 + Level 7.1 Shields
 + Level 8.6 Spellcasting
 * Level 14.9 Conjurations
 * Level 14.4 Fire Magic
 - Level 7.0 Ice Magic
 - Level 4.0 Earth Magic
 - Level 7.6 Evocations


You had 6 spell levels left.
You knew the following spells:

 Your Spells              Type           Power        Failure   Level  Hunger
a - Flame Tongue          Conj/Fire      #####        0%          1    None
b - Sticky Flame          Conj/Fire      ######..     1%          4    ##.....
c - Fireball              Conj/Fire      ######....   1%          5    ####...
d - Stone Arrow           Conj/Erth      ######       1%          3    None
e - Bolt of Cold          Conj/Ice       ######....   2%          6    ######.
f - Bolt of Fire          Conj/Fire      ######....   1%          6    ######.


Dungeon Overview and Level Annotations

Branches:
Dungeon (14/15)            Temple (1/1) D:7            Lair (6/6) D:8
 Shoals (0/4) Lair:4       Spider (0/4) Lair:4        Slime (0/5) Lair:6
    Orc (2/2) D:9             Elf (0/3) Orc:2        Vaults (0/5) D:13

Altars:
Ashenzari
Cheibriados
Dithmenos
Fedhas
Makhleb
Nemelex Xobeh
Okawaru
Qazlal
Ru
Sif Muna
Trog
Vehumet
The Shining One
Jiyva

Shops:
D:7 [[[?(   D:12 }   Orc:1 [   Orc:2 %:%[

Portals:
Pandemonium: Orc:2
Trove: D:11 (give +7 demon blade)


Innate Abilities, Weirdness & Mutations

You can breathe blasts of scalding, opaque steam.
Your pale cyan-grey scales are hard. (AC +9)
You cannot fit into any form of body armour.
You are cold-blooded and may be slowed by cold attacks.


Message History

Unknown command.
Casting: Sticky Flame
Confirm with . or Enter, or press ? or * to list all spells.
Aiming: Sticky Flame
Press: ? - help, Shift-Dir - straight line, f - frost giant
Aim: a frost giant, wielding a battleaxe of freezing (heavily wounded)
The sticky flame hits the frost giant.
The frost giant is heavily wounded.
The frost giant is covered in liquid flames!
You are feeling hungry.
The frost giant burns!
The frost giant hits you with a battleaxe of freezing!!!
The frost giant freezes you!!
Unknown command.
The frost giant burns!
Some of the chunks of flesh in your inventory have rotted away.
The frost giant burns!
The frost giant points at you and mumbles some strange words.
The bolt of cold hits you!
You die...

.##########....####.##
..# ##.....#.## ###
##.....## # ##...####
####...##
#######....###
##....#...###
..##....### ###
######### ######@##
..### ##...#.#.###
....## #.⌠...###C.#
#....#####.#.###..###
###.....#####..##.YY#
##.....####..###h..#
###....#...## Y...#
####.÷.### ...## #####
.###


You could see a frost giant (burning).

Vanquished Creatures
  Gastronok (D:9)
  A dire elephant (Lair:6)
  An ettin (Orc:1)
  A minotaur (Lab)
  Snorg (D:11)
  Harold (D:11)
  Fannar (D:11)
  Erolcha (D:9)
  Erica (D:9)
  6 hydras
  A centaur warrior (D:13)
  A merfolk avatar (Lair:6)
  2 dancing weapons (D:13)
  2 two-headed ogres
  6 orc high priests (Orc:2)
  A death yak (IceCv)
  A fire crab (Volcano)
  4 slime creatures (D:13)
  3 unseen horrors
  An infernal demonspawn (Orc:2)
  2 gelid demonspawn (Orc:2)
  A torturous demonspawn (Orc:2)
  5 orc knights (Orc:2)
  A lindwurm (Volcano)
  A wolf spider zombie (D:13)
  Pikel (D:5)
  2 deep elf magi
  5 orc sorcerers (Orc:2)
  4 ugly things
  Maurice (D:8)
  A cyclops (D:13)
  3 manticores
  3 elephants
  3 black mambas (Lair:6)
  An ice statue (IceCv)
  An orange demon (Orc:2)
  2 torpor snails (Lair:6)
  7 spiny frogs
  A gargoyle (D:13)
  8 komodo dragons
  12 rime drakes
  A red devil (Orc:2)
  2 ice devils (Orc:2)
  4 merfolk (Lair:4)
  A wind drake (Lair:6)
  3 trolls
  2 hornets
  The ghost of Atlas the Shield-Bearer, an amateur FoFi of Qazlal (Ossuary)
  13 polar bears
  3 blink frogs (Lair:4)
  Prince Ribbit (D:8)
  11 hippogriffs
  A shadow (D:11)
  A spriggan (D:7)
  A water elemental (Orc:2)
  2 wyverns
  A neqoxec (Orc:2)
  A hungry ghost (D:11)
  69 yaks
  2 basilisks
  4 steam dragons (Volcano)
  9 fire bats (Volcano)
  3 wargs
  11 water moccasins
  An acid dragon (D:7)
  8 porcupines
  44 orc warriors
  4 black bears
  3 ice beasts
  2 slaves
  2 sky beasts
  8 phantoms
  An eye of draining (D:12)
  22 wolves
  9 ogres
  6 centaurs
  22 crocodiles
  6 big kobolds
  25 bullfrogs
  A gnoll sergeant (D:9)
  A wyvern zombie (D:13)
  3 scorpions
  20 killer bees
  2 howler monkeys (D:8)
  7 wights
  2 electric eels (Lair:5)
  A bullfrog zombie (D:8)
  6 lava snakes (Volcano)
  12 crimson imps
  3 centaur zombies
  2 centaur skeletons
  2 jellies
  2 human zombies (Ossuary)
  2 quasits
  22 orc priests
  2 gnoll shamans (D:9)
  11 hounds
  23 orc wizards
  4 bullfrog skeletons
  4 iguanas
  11 worker ants
  2 big kobold zombies (Ossuary)
  A hound zombie (D:7)
  2 hound skeletons (D:5)
  3 mummies
  11 gnolls
  A howler monkey skeleton (D:8)
  12 adders
  2 shadow imps
  An adder zombie (Ossuary)
  2 adder skeletons
  2 worms
  8 leopard geckos
  80 orcs
  2 bats
  5 giant cockroaches
  6 goblins
  2 hobgoblins
  6 jackals (D:5)
  4 quokkas
  A frilled lizard (D:2)
  11 hobgoblin zombies (Ossuary)
  2 jackal zombies (Ossuary)
  26 kobolds
  11 kobold zombies (Ossuary)
  6 orc zombies (Ossuary)
  A quokka skeleton (D:7)
  A quokka zombie (D:5)
  8 rats
  A rat zombie (Ossuary)
  A bush (Lair:6)
  A fungus (Lair:6)
  A plant (Lair:5)
778 creatures vanquished.

Vanquished Creatures (collateral kills)
  A hornet (Lair:6)
  A wyvern (Lair:6)
2 creatures vanquished.

Vanquished Creatures (others)
  2 slaves (D:5)
  A bush (Lair:6)
  26 fungi
  22 plants
51 creatures vanquished.

Grand Total: 831 creatures vanquished

Notes
Turn   | Place    | Note
-------+----------+-------------------------------------------
     0 | D:1      | Jeffwins the Draconian Fire Elementalist began the quest for the Orb.
     0 | D:1      | Reached XP level 1. HP: 14/14 MP: 3/3
   213 | D:1      | Reached XP level 2. HP: 20/20 MP: 5/5
   726 | D:2      | Reached XP level 3. HP: 15/26 MP: 6/6
  1204 | D:3      | Reached XP level 4. HP: 33/33 MP: 7/7
  1320 | D:3      | Found a faded altar of an unknown god.
  1608 | D:4      | Learned a level 4 spell: Sticky Flame
  1825 | D:4      | Reached XP level 5. HP: 38/38 MP: 9/9
  1922 | D:4      | Found a glowing golden altar of the Shining One.
  1971 | D:4      | Noticed a sky beast
  1985 | D:4      | Killed a sky beast
  1985 | D:4      | Reached skill level 5 in Fire Magic
  1985 | D:4      | Reached XP level 6. HP: 38/45 MP: 10/10
  2036 | D:4      | Found a bloodstained altar of Trog.
  2304 | D:5      | Entered Level 5 of the Dungeon
  2639 | D:5      | Noticed Pikel
  2639 | D:5      | Noticed a slave
  2639 | D:5      | Noticed a slave
  2640 | D:5      | Noticed a slave
  2640 | D:5      | Noticed a slave
  2649 | D:4      | Killed a slave
  2959 | D:5      | Noticed an orc warrior
  2964 | D:5      | Killed a slave
  2976 | D:5      | Killed an orc warrior
  2976 | D:5      | Your scales start taking on a pale cyan-grey colour.
  2976 | D:5      | Reached XP level 7. HP: 35/50 MP: 3/12
  2988 | D:5      | Killed Pikel
  2988 | D:5      | Reached skill level 5 in Conjurations
  3073 | D:5      | Learned a level 5 spell: Fireball
  3153 | D:5      | Found a sacrificial altar of Ru.
  3288 | D:5      | Reached XP level 8. HP: 34/58 MP: 14/14
  3368 | D:5      | Reached skill level 1 in Fighting
  3372 | D:5      | Reached skill level 1 in Evocations
  3859 | D:6      | Found a blossoming altar of Fedhas.
  3861 | D:6      | Found a stormy altar of Qazlal.
  4480 | D:6      | Found a shattered altar of Ashenzari.
  4643 | D:7      | Reached skill level 1 in Shields
  4643 | D:7      | Reached XP level 9. HP: 62/68 MP: 16/16
  4669 | D:7      | Found Paoxod's Antique Armour Shop.
  4682 | D:7      | Bought a pair of runed boots for 202 gold pieces
  4853 | D:7      | Found a staircase to the Ecumenical Temple.
  4959 | Temple   | Entered the Ecumenical Temple
  4972 | Temple   | Became a worshipper of Vehumet
  5036 | D:7      | Found Seshufau's Antique Weapon Shoppe.
  5202 | D:7      | Noticed a deep elf mage
  5206 | D:7      | Killed a deep elf mage
  5206 | D:7      | Reached skill level 5 in Spellcasting
  5424 | D:7      | Got a fine scimitar
  5432 | D:7      | Identified the +8 scimitar of Saakhuni {holy, Int+4} (You found it on level 7 of the Dungeon)
  5476 | D:7      | Found Ygrunt's Magic Scroll Boutique.
  5479 | D:7      | Bought a scroll of holy word for 105 gold pieces
  5479 | D:7      | Bought a scroll of magic mapping for 49 gold pieces
  5492 | D:7      | Found Ziteocke's Armour Shoppe.
  5594 | D:7      | Reached skill level 1 in Long Blades
  5649 | D:7      | Found Hojunel's Antique Armour Shop.
  5693 | D:7      | Paralysed by a hornet for 2 turns
  5695 | D:7      | Reached XP level 10. HP: 48/78 MP: 18/18
  5700 | D:7      | Found a shadowy altar of Dithmenos.
  5986 | D:7      | Reached skill level 10 in Fire Magic
  6048 | D:7      | Reached * piety under Vehumet
  6048 | D:7      | Offered knowledge of Magic Dart by Vehumet.
  6243 | D:8      | Found a sand-covered staircase.
  6340 | Ossuary  | Entered an ossuary
  6340 | Ossuary  | Noticed Atlas's ghost (amateur FoFi)
  6346 | Ossuary  | Killed Atlas's ghost
  6626 | Ossuary  | Reached ** piety under Vehumet
  6626 | Ossuary  | Offered knowledge of Searing Ray by Vehumet.
  7211 | D:8      | Noticed Prince Ribbit
  7213 | D:8      | Offered knowledge of Mephitic Cloud by Vehumet.
  7218 | D:8      | Noticed Maurice
  7229 | D:8      | Killed Prince Ribbit
  7230 | D:8      | Reached *** piety under Vehumet
  7248 | D:8      | Killed Maurice
  7248 | D:8      | Reached skill level 5 in Fighting
  7370 | D:8      | Found a staircase to the Lair.
  7740 | D:9      | Noticed Erica
  7745 | D:9      | Killed Erica
  7745 | D:9      | Reached XP level 11. HP: 88/88 MP: 5/20
  7748 | D:9      | Noticed Erolcha
  8080 | Lair:1   | Entered Level 1 of the Lair of Beasts
  8236 | Lair:1   | Got a faintly glowing war axe
  8237 | Lair:1   | Identified the +3 war axe of Dim Light {chop, Dex+4} (You found it on level 1 of the Lair of Beasts)
  8294 | Lair:1   | Reached skill level 5 in Evocations
  8297 | Lair:1   | Reached skill level 10 in Conjurations
  8488 | Lair:1   | Offered knowledge of Stone Arrow by Vehumet.
  8500 | Lair:1   | Learned a level 3 spell: Stone Arrow
  9124 | Lair:2   | Reached skill level 5 in Long Blades
  9126 | Lair:2   | Found a labyrinth entrance.
  9138 | Lab      | Entered a labyrinth
 11236 | Lab      | Noticed a minotaur
 11247 | Lab      | Killed a minotaur
 11256 | Lab      | Identified Lehudib's Disquisition on Ashen Confrontation
 11480 | Lair:2   | Learned a level 6 spell: Bolt of Cold
 11624 | Lair:2   | Reached skill level 1 in Ice Magic
 13136 | Lair:4   | Reached XP level 12. HP: 95/95 MP: 22/22
 13165 | Lair:4   | Found a dark tunnel.
 13172 | Volcano  | Entered a volcano
 13232 | Volcano  | Reached **** piety under Vehumet
 13249 | Volcano  | Reached skill level 5 in Shields
 13793 | Volcano  | Offered knowledge of Fulminant Prism by Vehumet.
 13827 | Volcano  | Reached skill level 5 in Ice Magic
 14156 | Volcano  | Found a radiant altar of Vehumet.
 14245 | Volcano  | Found a radiant altar of Vehumet.
 14322 | Lair:4   | Found a hole to the Spider Nest.
 14342 | Lair:4   | Found a staircase to the Shoals.
 14659 | Lair:4   | Reached skill level 1 in Earth Magic
 15847 | Lair:5   | Noticed a five-headed hydra
 15851 | Lair:5   | Killed a five-headed hydra
 16350 | Lair:6   | Entered Level 6 of the Lair of Beasts
 16572 | Lair:6   | Reached ***** piety under Vehumet
 16572 | Lair:6   | Offered knowledge of Bolt of Fire by Vehumet.
 16900 | Lair:6   | Learned a level 6 spell: Bolt of Fire
 16917 | Lair:6   | Noticed a seven-headed hydra
 16924 | Lair:6   | Killed a seven-headed hydra
 16924 | Lair:6   | Reached XP level 13. HP: 103/103 MP: 23/23
 17053 | Lair:6   | Found a staircase to the Slime Pits.
 17053 | Lair:6   | Found a viscous altar of Jiyva.
 17507 | Lair:6   | Noticed a dire elephant
 17978 | Lair:6   | Killed a dire elephant
 19910 | D:9      | Noticed Gastronok
 19940 | D:9      | Killed Gastronok
 20115 | D:10     | Entered Level 10 of the Dungeon
 20258 | D:9      | Killed Erolcha
 20447 | D:9      | Found an iron altar of Okawaru.
 20685 | D:9      | Found a staircase to the Orcish Mines.
 20855 | D:10     | Offered knowledge of Conjure Ball Lightning by Vehumet.
 20855 | D:10     | Reached XP level 14. HP: 108/113 MP: 25/25
 21060 | D:10     | Found a bloodstained altar of Trog.
 21411 | D:11     | Noticed Fannar
 21415 | D:11     | Killed Fannar
 21497 | D:11     | Noticed Harold
 21508 | D:11     | Killed Harold
 21551 | D:11     | Noticed Snorg
 21556 | D:11     | Killed Snorg
 21983 | D:11     | Found a portal to a secret trove of treasure.
 22372 | D:12     | Found Neatsiam's Gadget Boutique.
 23190 | D:13     | Offered knowledge of Iskenderun's Battlesphere by Vehumet.
 23669 | D:13     | Found a gate to the Vaults.
 23820 | D:13     | HP: 5/115 [very large slime creature (51)]
 24757 | Orc:1    | Entered Level 1 of the Orcish Mines
 24870 | Orc:2    | Entered Level 2 of the Orcish Mines
 24890 | Orc:2    | Reached ****** piety under Vehumet
 25158 | Orc:2    | Found a staircase to the Elven Halls.
 25221 | Orc:1    | Found Baclaz Nee's Armour Boutique.
 25590 | Orc:2    | Found a deep blue altar of Sif Muna.
 26082 | Orc:2    | Offered knowledge of Lee's Rapid Deconstruction by Vehumet.
 26123 | Orc:2    | Found Xampem Koso's Food Emporium.
 26303 | Orc:2    | Found Raicooggyk's Food Shoppe.
 26956 | Orc:2    | Reached XP level 15. HP: 118/123 MP: 27/27
 27287 | Orc:2    | Reached skill level 5 in Dodging
 28004 | Orc:2    | Found Qiymuc's Book Shop.
 28004 | Orc:2    | Found Kiqat's Antique Armour Boutique.
 28005 | Orc:2    | Found a one-way gate leading to the halls of Pandemonium.
 28009 | Orc:2    | Bought a runed shield for 262 gold pieces
 28369 | D:14     | Found a frozen archway.
 28373 | D:14     | Offered knowledge of Iron Shot by Vehumet.
 28384 | IceCv    | Entered an ice cave
 29298 | IceCv    | Reached skill level 10 in Long Blades
 29387 | IceCv    | Noticed a frost giant
 29394 | IceCv    | Killed from afar by a frost giant

Vault maps used:
D:1:      minmay_arrival_diagonal_passages
D:2:      first_bread
D:3:      chequers_ecumenical_altar_island, supply_closet_lemuel,
          minmay_misc_feat_four_crosses, grunt_ministairs_2
D:4:      tso_metal_star, kennysheep_little_box, nrook_mini_backslash
D:5:      minmay_crystal_water, nicolae_ru_the_path_less_chosen, uniq_pikel
D:6:      grunt_temple_overflow_forces_of_nature, old_standard_altar
D:7:      minmay_the_grid_triangle_9x9_rhombus_thin, old_standard_altar,
          minmay_temple_entry_trees, serial_shops,
          nicolae_shop_competitors_out_of_business, kennysheep_mini_moat,
          shop_coins, shop, nicolae_shop_statue_plus, the_bakery
D:8:      grunt_lair_entry_orc_guard_hut, gup_ossuary_entry_pyramid,
          kennysheep_diamond, uniq_maurice, uniq_prince_ribbit1
D:9:      okawaru_trees_1, kennysheep_orc_monster_closet_entryway,
          serial_gnoll_camp, gnoll_camp_mini_doghouse, gnoll_camp_mini_hut,
          gnoll_camp_mini_hut, gnoll_camp_mini_house, uniq_erolcha,
          uniq_gastronok, uniq_erica
D:10:     basic_altar, enter_bailey_2
D:11:     nicolae_trove_entry_diagonal, grunt_decor_arrowhead, uniq_harold,
          uniq_snorg, uniq_fannar
D:12:     serial_shops, shop
D:13:     erik_vaults_1
D:14:     serial_bayou, serial_bayou_pond_b, serial_bayou_pond_c,
          serial_bayou_pond_e, serial_bayou_pond_a, portal_ice_cave_rime
Temple:   eino_wide_crystal_templ
Lair:1:   infiniplex_staircase_pool_2, serial_bayou_shore_b
Lair:2:   lab_entry_generic, beast_lair_carwin_6
Lair:3:   minivault_24
Lair:4:   elwin_shoals_entry_stream, dummy_spider_entry,
          nicolae_volcano_entry_hallway, lemuel_fruit_tree, serial_bayou_shore_b
Lair:5:   serial_bayou, serial_bayou_pond_e, serial_bayou_crossing,
          serial_bayou_pond_d, serial_bayou_pond_a, serial_bayou_shore_b,
          serial_bayou_pond_d, infiniplex_staircase_pool
Lair:6:   gammafunk_lair_ancient_temple, slime_altar_1
Orc:1:    serial_shops, shop
Orc:2:    pf_orc_diabolical, led_sif_book
Lab:      lab_hedge
Ossuary:  ossuary_tomb_1
IceCv:    ice_cave_caverns_01
Volcano:  volcano_grotto

Skill      XL: |  1  2  3  4  5  6  7  8  9 10 11 12 13 14 15 |
---------------+----------------------------------------------+-----
Conjurations   | 2 3 4 5 6 7 9 11 12 13 14 | 14.9
Fire Magic     | 4 5 6 7 8 9 10 11 12 13 14 | 14.4
Spellcasting   | 3 4 5 6 7 8 |  8.6
Fighting       | 2 4 5 6 7 8 9 |  9.1
Evocations     | 2 3 4 5 6 7 |  7.6
Shields        | 1 2 3 4 6 7 |  7.1
Long Blades    | 1 4 5 6 7 9 10 | 10.0
Ice Magic      | 2 6 7 |  7.0
Earth Magic    | 2 3 4 |  4.0
Stealth        | 2 4 |  4.3
Dodging        | 2 3 4 5 |  5.2

Action                   |  1- 3 |  4- 6 |  7- 9 | 10-12 | 13-15 || total
-------------------------+-------+-------+-------+-------+-------++-------
Melee: Whip              |    17 |   117 |   100 |       |       ||   234
       Tailslap          |     2 |     7 |     9 |    36 |    55 ||   109
       Trident           |       |    18 |     3 |       |       ||    21
       Scimitar          |       |       |    10 |   314 |   542 ||   866
 Cast: Flame Tongue      |    54 |    55 |    38 |   123 |   168 ||   438
       Sticky Flame      |       |    10 |    23 |   115 |   175 ||   323
       Fireball          |       |       |     6 |    26 |   153 ||   185
       Stone Arrow       |       |       |       |    18 |    22 ||    40
       Bolt of Cold      |       |       |       |     7 |     6 ||    13
       Bolt of Fire      |       |       |       |       |    16 ||    16
 Abil: Breathe Steam     |       |       |    13 |    26 |    13 ||    52
  Use: Potion            |       |     4 |       |       |     5 ||     9
       Scroll            |       |       |     8 |    10 |    11 ||    29
 Stab: Sleeping          |       |       |     3 |     8 |     6 ||    17
       Distracted        |       |       |       |       |     3 ||     3
  Eat: Chunk             |     1 |     8 |    16 |    45 |    74 ||   144
       Fruit             |       |     1 |     1 |     2 |    11 ||    15
       Royal jelly       |       |       |       |     3 |     2 ||     5
       Meat ration       |       |       |       |     1 |       ||     1
       Bread ration      |       |       |       |       |     1 ||     1
Armor: Skin              |    15 |    58 |    56 |   152 |   218 ||   499
Dodge: Dodged            |    24 |    99 |    99 |   269 |   386 ||   877
Block: Buckler           |       |       |       |    49 |   158 ||   207
       Rpst.: Scimitar   |       |       |       |    78 |   104 ||   182
